 Dungeon Sprint DCSS version 0.21-a0-225-g207ae17 (webtiles) character file.

123 Kidiri the Thaumaturge (level 4, -4/26 HPs)
             Began as a Deep Elf Fire Elementalist on Aug 29, 2017.
             Slain by a kobold demonologist
             ... wielding a +0 dagger of distortion
              (14 damage)
             ... in the Dungeon (Sprint III: "The Ten Rune Challenge").
             The game lasted 00:02:12 (465 turns).

Kidiri the Thaumaturge (Deep Elf Fire Elementalist)  Turns: 465, Time: 00:02:12

Health: -4/26      AC:  2    Str:  5    XL:     4   Next: 79%
Magic:  13/18      EV: 13    Int: 21    God:
Gold:   27         SH:  4    Dex: 15    Spells: 8/21 levels left

rFire    . . .     SeeInvis .   (no weapon)
rCold    . . .     Gourm    .   (no shield)
rNeg     . . .     Faith    .   a - +0 robe
rPois    .         Spirit   .   (no helmet)
rElec    .         Reflect  .   (no cloak)
rCorr    .         Harm     .   (no gloves)
MR       .....     NoTele   +   (no boots)
Stlth    ++........             (no amulet)
HPRegen  0.08/turn              (no ring)
MPRegen  0.16/turn              (no ring)

@: no status effects
A: large bone plates 1, high mp 1, robust 1
a: no special abilities


You were in the Dungeon.
You were not hungry.

You visited 1 branch You collected 27 gold pieces.

Inventory:

Armour
 a - a +0 robe (worn)
Scrolls
 i - a scroll of blinking
 k - a scroll of fog {unknown}
 m - a scroll of immolation
 n - 2 scrolls of remove curse
 p - a scroll of torment {unknown}
Potions
 d - a potion of curing
 e - a potion of heal wounds
 f - a potion of haste
 g - 2 potions of magic
 h - a potion of berserk rage
 o - 4 potions of flight
Books
 b - a book of Flames

   Spells                             Type                      Level
   a - Flame Tongue                   Conjuration/Fire             1
   b - Throw Flame                    Conjuration/Fire             2
   c - Conjure Flame                  Conjuration/Fire             3
   d - Inner Flame                    Hexes/Fire                   3
   e - Sticky Flame                   Conjuration/Fire             4
   f - Fireball                       Conjuration/Fire             5
Comestibles
 c - 3 bread rations


   Skills:
 - Level 2.4 Dodging
 - Level 2.4 Stealth
 * Level 9.4 Spellcasting
 + Level 5.2 Conjurations
 + Level 6.1 Fire Magic


You had 8 spell levels left.
You knew the following spells:

 Your Spells              Type           Power        Failure   Level  Hunger
a - Flame Tongue          Conj/Fire      ####.        1%          1    None
b - Throw Flame           Conj/Fire      ####..       1%          2    None
c - Conjure Flame         Conj/Fire      ####....     1%          3    None
d - Inner Flame           Hex/Fire       ###.....     6%          3    None
e - Sticky Flame          Conj/Fire      ####....     7%          4    ##.....


Dungeon Overview and Level Annotations

Branches:
Dungeon (1/1)

Altars:
Kikubaaqudgha
Sif Muna
Vehumet


Innate Abilities, Weirdness & Mutations

You are partially covered in large bone plates. (SH +4)
You have an increased reservoir of magic. (+10% MP)
You are robust. (+10% HP)


Message History

Unknown command.
Casting: Sticky Flame
Confirm with . or Enter, or press ? or * to list all spells.
Aiming: Flame Tongue
Press: ? - help, Shift-Dir - straight line, f/p - wizard
Aim: a wizard, wielding a dagger and wearing a robe (heavily wounded, covered in liquid flames)
The flame tongue hits the wizard.
You kill the wizard!
Your Spellcasting skill increases to level 9!
Your Conjurations skill increases to level 5!
Your Fire Magic skill increases to level 6!
You block the hellwing's attack. The hellwing hits you.
The kobold demonologist mumbles some strange words.
You block the hellwing's attack. The hellwing hits you.
The hellwing hits you but does no damage.
The hellwing hits you!
The kobold demonologist hits you but does no damage.
Space warps horribly around you!
Ouch! That really hurt!
You die...

#.......#..#..#
##.##...#..#..###+#+###
##.###..##+#..#........
###.##..###...'.⌠......
#..##..####...#...#####
...##..###....#.⌠.#
..##...##.....#...#
.##....#......#'###
###..##.#.....#4@K# #
#..#####....#4__# ▓
▓▓▓▓ ▓▓▓▓▓▓▓▓▓▓


You could see 2 hellwings and a kobold demonologist.

Vanquished Creatures
  A water elemental (D)
  A wizard (D)
  A human (D)
  A wolf (D)
  An ooze (D)
  3 rats (D)
8 creatures vanquished.

Vanquished Creatures (others)
  2 draconian scorchers (D)
  6 hellions (D)
  2 yaktaurs (D)
  2 plants (D)
12 creatures vanquished.

Grand Total: 20 creatures vanquished

Notes
Turn   | Place    | Note
-------+----------+-------------------------------------------
     0 | D        | Kidiri the Deep Elf Fire Elementalist began the quest for the Orb.
     0 | D        | Reached XP level 1. HP: 10/10 MP: 6/6
     8 | D        | Reached skill level 4 in Spellcasting
    52 | D        | Killed a yaktaur
    91 | D        | Killed a hellion
    91 | D        | Killed a hellion
   100 | D        | Killed a hellion
   149 | D        | Killed a hellion
   157 | D        | Noticed a wolf
   162 | D        | Killed a wolf
   162 | D        | Reached skill level 5 in Spellcasting
   162 | D        | Reached XP level 2. HP: 8/15 MP: 4/10
   167 | D        | Learned a level 2 spell: Throw Flame
   183 | D        | Killed a hellion
   212 | D        | Killed a yaktaur
   221 | D        | Killed a white draconian scorcher
   298 | D        | Reached skill level 6 in Spellcasting
   298 | D        | Reached XP level 3. HP: 19/19 MP: 0/13
   308 | D        | Learned a level 3 spell: Conjure Flame
   312 | D        | Learned a level 3 spell: Inner Flame
   315 | D        | Killed a hellion
   331 | D        | Gained mutation: You have a pair of small antennae on your head. [potion of mutation]
   331 | D        | Gained mutation: You are robust. (+10% HP) [potion of mutation]
   332 | D        | Lost mutation: You have a pair of small antennae on your head. [potion of mutation]
   332 | D        | Gained mutation: You tend to lose your temper in combat. [potion of mutation]
   332 | D        | Gained mutation: Scrolls take you a little longer to read. [potion of mutation]
   332 | D        | Lost mutation: You tend to lose your temper in combat. [potion of mutation]
   332 | D        | Gained mutation: You are agile. (Dex +2) [potion of mutation]
   333 | D        | Lost mutation: You are robust. (+10% HP) [potion of mutation]
   333 | D        | Lost mutation: Scrolls take you a little longer to read. [potion of mutation]
   333 | D        | Lost mutation: You are agile. (Dex +2) [potion of mutation]
   333 | D        | Gained mutation: You do not regenerate when monsters are visible. [potion of mutation]
   333 | D        | Gained mutation: You are partially covered in large bone plates. (SH +4) [potion of mutation]
   334 | D        | Lost mutation: You do not regenerate when monsters are visible. [potion of mutation]
   334 | D        | Gained mutation: You are robust. (+10% HP) [potion of mutation]
   334 | D        | Gained mutation: You have an increased reservoir of magic. (+10% MP) [potion of mutation]
   374 | D        | Killed a white draconian scorcher
   405 | D        | Noticed a water elemental
   409 | D        | Killed a water elemental
   409 | D        | Reached skill level 8 in Spellcasting
   409 | D        | Reached skill level 5 in Fire Magic
   409 | D        | Reached XP level 4. HP: 26/26 MP: 10/18
   419 | D        | Learned a level 4 spell: Sticky Flame
   461 | D        | Found a radiant altar of Vehumet.
   462 | D        | Found a deep blue altar of Sif Muna.
   462 | D        | Found an ancient bone altar of Kikubaaqudgha.
   462 | D        | Noticed a wizard
   463 | D        | Noticed a hellwing
   464 | D        | Killed a wizard
   464 | D        | Reached skill level 9 in Spellcasting
   464 | D        | Reached skill level 5 in Conjurations
   465 | D        | Noticed a hellwing
   465 | D        | Slain by a kobold demonologist

Vault maps used:
D:        dungeon_sprint_mu

Skill      XL: |  1  2  3  4 |
---------------+-------------+-----
Spellcasting   | 5 6 8 9 |  9.4
Conjurations   | 2 3 4 5 |  5.2
Fire Magic     | 4 5 6 |  6.1
Dodging        | |  2.4
Stealth        | |  2.4

Action                   |  1- 3 |  4- 6 || total
-------------------------+-------+-------++-------
Melee: Unarmed           |     2 |       ||     2
 Cast: Flame Tongue      |    21 |     2 ||    23
       Throw Flame       |     1 |       ||     1
       Conjure Flame     |     1 |       ||     1
       Sticky Flame      |       |     1 ||     1
  Use: Potion            |     4 |       ||     4
       Scroll            |     2 |       ||     2
Armor: Robe              |     1 |     1 ||     2
Dodge: Dodged            |     9 |       ||     9
Block: Other             |       |     3 ||     3

Table legend:
 A = Spawn XP
 B = Non-spawn XP
 C = Spawn XP percentage of total XP
 D = Spawn monster count
 E = Non-spawn monster count
 F = Spawn count percentage of total count
 G = Total turns spent on level
                    A         B        C        D         E        F      G
               +---------+---------+-------+---------+---------+-------+---------
         Total |       0 |     176 |   0.0 |       0 |       8 |   0.0 |   465
               +---------+---------+-------+---------+---------+-------+---------
             D |       0 |     176 |   0.0 |       0 |       8 |   0.0 |   465
               +---------+---------+-------+---------+---------+-------+---------
